 Dungeon Crawl Stone Soup version 0.28.0-53-g5a82cb258f (webtiles) character file.

Game seed: 9858467675279709917

88 MisterFreud the Covert (level 4, 0/41 HPs)
             Began as a Gnoll Delver on July 20, 2022.
             Was a Follower of Makhleb.
             Slain by a gnoll
             ... wielding a +0 flail
              (2 damage)
             ... on level 2 of the Dungeon.
             The game lasted 00:02:28 (1266 turns).

MisterFreud the Covert (Gnoll Delver)               Turns: 1266, Time: 00:02:28

Health: 0/41       AC:  4    Str: 11    XL:     4   Next: 53%
Magic:  5/5        EV: 14    Int: 18    God:    Makhleb [*.....]
Gold:   84         SH:  0    Dex: 19    Spells: 5/5 levels left

rFire   . . .      SeeInvis .   a - +0 short sword
rCold   . . .      Faith    .   (no shield)
rNeg    . . .      Spirit   .   b - +0 leather armour
rPois   .          Reflect  .   (no helmet)
rElec   .          Harm     .   (no cloak)
rCorr   .          Rampage  .   (no gloves)
Will    .....                   t - +0 pair of boots
Stlth   ++++......              (no amulet)
HPRegen 0.13/turn               f - +6 ring of dexterity
MPRegen 0.09/turn               q - +6 ring of intelligence

@: no status effects
A: fangs 1, strong nose, distributed training
a: Renounce Religion


You were on level 2 of the Dungeon.
You worshipped Makhleb.
Makhleb was aware of your devotion.
You visited 1 branch of the dungeon, and saw 6 of its levels.

You collected 84 gold pieces.

Inventory:

Hand Weapons
 a - a +0 short sword (weapon)
Missiles
 j - a throwing net (quivered)
 r - 2 poisoned darts
Armour
 b - a +0 leather armour (worn)
 t - a +0 pair of boots (worn)
Jewellery
 f - a +6 ring of dexterity (left hand)
 l - a ring of ice
 q - a +6 ring of intelligence (right hand)
Wands
 g - a wand of digging (3)
 h - a wand of iceblast (8)
Scrolls
 c - 2 scrolls of fog
 d - a scroll of magic mapping
 e - a scroll of fear
 o - 2 scrolls of identify {unknown}
 s - a scroll of blinking {unknown}
Potions
 i - a potion of curing {unknown}
 k - a potion of attraction {unknown}
 m - a potion of might {unknown}
 n - a potion of degeneration {unknown}
 p - a potion of mutation {unknown}


   Skills:
 + Level 6.6 Fighting
 + Level 4.6 Short Blades
 + Level 1.2 Long Blades
 + Level 1.2 Axes
 + Level 1.2 Maces & Flails
 + Level 1.2 Polearms
 + Level 1.2 Staves
 + Level 1.2 Slings
 + Level 1.2 Bows
 + Level 1.2 Crossbows
 + Level 1.2 Throwing
 + Level 1.2 Armour
 + Level 4.6 Dodging
 + Level 9.6 Stealth
 + Level 1.2 Shields
 + Level 1.2 Unarmed Combat
 + Level 1.2 Spellcasting
 + Level 1.0 Conjurations
 + Level 1.0 Hexes
 + Level 1.0 Summonings
 + Level 1.0 Necromancy
 + Level 1.0 Translocations
 + Level 1.0 Transmutations
 + Level 1.0 Fire Magic
 + Level 1.0 Ice Magic
 + Level 1.0 Air Magic
 + Level 1.0 Earth Magic
 + Level 1.0 Poison Magic
 + Level 1.3 Invocations
 + Level 1.2 Evocations


You had 5 spell levels left.
You didn't know any spells.
Your spell library contained the following spells:

 Spells                   Type           Power      Damage    Failure   Level
 Blink                    Tloc           8%         N/A       26%         2
 Lesser Beckoning         Tloc           4%         N/A       45%         3
 Stone Arrow              Conj/Erth      8%         3d7       45%         3
 Animate Armour           Summ/Erth      8%         N/A       86%         4
 Manifold Assault         Tloc           4%         N/A       99%         5
 Lehudib's Crystal Spear  Conj/Erth      2%         10d2      100%        8


Dungeon Overview and Level Annotations

Branches:
Dungeon (6/15)
 Temple: D:4-7

Altars:
Makhleb


Innate Abilities, Weirdness & Mutations

You have very sharp teeth.
Your uncanny sense of smell can sniff out nearby items.
Your experience applies equally to all skills.


Message History

Your Conjurations skill increases to level 1!
Your Hexes skill increases to level 1!
Your Summonings skill increases to level 1!
Your Necromancy skill increases to level 1!
Your Translocations skill increases to level 1!
Your Transmutations skill increases to level 1!
Your Fire Magic skill increases to level 1!
Your Ice Magic skill increases to level 1!
Your Air Magic skill increases to level 1!
Your Earth Magic skill increases to level 1!
Your Poison Magic skill increases to level 1!
Unknown command.
You are too injured to fight recklessly!
You hit the gnoll.
The gnoll is moderately wounded.
The gnoll barely misses you.
You hit the gnoll.
The gnoll is heavily wounded.
The gnoll misses you.
You are too injured to fight recklessly!
You hit the gnoll.
The gnoll is severely wounded.
The gnoll hits you with a +0 flail!
* * * LOW HITPOINT WARNING * * *
You are too injured to fight recklessly!
You hit the gnoll but do no damage.
The gnoll is severely wounded.
The gnoll closely misses you.
You are too injured to fight recklessly!
You hit the gnoll. You bite the gnoll.
The gnoll is almost dead.
The gnoll hits you with a +0 flail.
* * * LOW HITPOINT WARNING * * *
You hit the gnoll but do no damage. You bite the gnoll, but do no damage.
The gnoll is almost dead.
A gnoll comes into view. It is wielding a +0 spear.
You barely miss the gnoll.
The gnoll is almost dead.
The gnoll hits you with a +0 flail.
You die...

.######.#.## #.#
.######....# #.#
.........#.# #.#
#######....# #.# #[####
#.# #.# #.# #.# #.# #.#
#.# #.# #@# #######.#
#g# ........# #.#####
######..########.#...##
#........##......##
#.######.##...)...##
#.# ####.#.........#
#.###.†..#.g.......#
#.##...###.........#


You could see 2 gnolls.

Vanquished Creatures
  A hound (D:4)
  A gnoll (D:2)
  A worm (D:2)
  6 endoplasms
  A giant cockroach (D:1)
  4 hobgoblins (D:1)
  7 jackals (D:1)
  A quokka (D:2)
  4 ball pythons
  2 bats
  6 goblins (D:1)
  5 kobolds
  2 rats
41 creatures vanquished.

Vanquished Creatures (others)
  5 plants (D:2)
5 creatures vanquished.

Grand Total: 46 creatures vanquished

Notes
Turn   | Place    | Note
-------+----------+-------------------------------------------
     0 | D:5      | Reached skill level 9 in Stealth
     0 | D:5      | MisterFreud the Gnoll Delver began the quest for the Orb.
     0 | D:5      | Reached XP level 1. HP: 23/23 MP: 1/1
   110 | D:5      | Noticed an ogre
   119 | D:5      | Noticed a scorpion
   129 | D:4      | Noticed a hound
   131 | D:4      | Killed a hound
   132 | D:4      | Reached XP level 2. HP: 29/29 MP: 2/2
   132 | D:4      | Reached XP level 3. HP: 35/35 MP: 3/3
   270 | D:1      | Reached skill level 1 in Invocations
   391 | D:1      | Reached skill level 1 in Long Blades
   391 | D:1      | Reached skill level 1 in Axes
   391 | D:1      | Reached skill level 1 in Maces & Flails
   391 | D:1      | Reached skill level 1 in Polearms
   391 | D:1      | Reached skill level 1 in Staves
   391 | D:1      | Reached skill level 1 in Slings
   391 | D:1      | Reached skill level 1 in Bows
   391 | D:1      | Reached skill level 1 in Crossbows
   391 | D:1      | Reached skill level 1 in Throwing
   391 | D:1      | Reached skill level 1 in Armour
   391 | D:1      | Reached skill level 1 in Shields
   391 | D:1      | Reached skill level 1 in Unarmed Combat
   391 | D:1      | Reached skill level 1 in Spellcasting
   391 | D:1      | Reached skill level 1 in Evocations
   478 | D:1      | Reached XP level 4. HP: 41/41 MP: 5/5
   867 | D:2      | Found a faded altar of an unknown god.
   883 | D:2      | Prayed at the altar of an unknown god.
   883 | D:2      | Became a worshipper of Makhleb the Destroyer
   883 | D:2      | Reached * piety under Makhleb
  1260 | D:2      | Reached skill level 1 in Conjurations
  1260 | D:2      | Reached skill level 1 in Hexes
  1260 | D:2      | Reached skill level 1 in Summonings
  1260 | D:2      | Reached skill level 1 in Necromancy
  1260 | D:2      | Reached skill level 1 in Translocations
  1260 | D:2      | Reached skill level 1 in Transmutations
  1260 | D:2      | Reached skill level 1 in Fire Magic
  1260 | D:2      | Reached skill level 1 in Ice Magic
  1260 | D:2      | Reached skill level 1 in Air Magic
  1260 | D:2      | Reached skill level 1 in Earth Magic
  1260 | D:2      | Reached skill level 1 in Poison Magic
  1264 | D:2      | HP: 1/41 [gnoll/+0 flail (4)]
  1266 | D:2      | Slain by a gnoll

Illustrated notes

Levels and vault maps discovered:
D:1:      shiori_arrival_oz, layout_basic, chequers_serial_rivers_micro_e,
          minmay_pentomino_p4
D:2:      layout_loops_ring, ebering_ecumenical_altar_hall, serial_forest,
          infiniplex_forest_3_way, infiniplex_forest_lined_3,
          infiniplex_forest_lined_ring, infiniplex_forest_zigzag_1,
          infiniplex_forest_clump_curved, lemuel_old_faithful
D:3:      layout_basic, nicolae_qazlal_style_of_elements,
          lemuel_coloured_pillars_altar, chequers_serial_rivers_room_b,
          hangedman_abyss_or_decor_lesser_grid
D:4:      layout_rooms, elyvilon_altar_1, serial_shops, shop,
          corexii_hall_statues_x, kennysheep_opposing_triangles
D:5:      layout_loops_ring, fedhas_altar_fruit_tree,
          nicolae_concentric_dashed_squares_wild
D:6:      minmay_chambers_of_fours, layout_loops_corners,
          mainiacjoe_overflow_alcove_3, minmay_temple_entry_enclosed_plants,
          lightli_ossuary_entry_decrepit_ruins, serial_shops, shop, st_stairs_2,
          minmay_hedge_maze, uniq_eustachio

Skill      XL: |  1  2  3  4 |
---------------+-------------+-----
Stealth        | |  9.6
Invocations    | 1 |  1.3
Long Blades    | 1 |  1.2
Axes           | 1 |  1.2
Maces & Flails | 1 |  1.2
Polearms       | 1 |  1.2
Staves         | 1 |  1.2
Slings         | 1 |  1.2
Bows           | 1 |  1.2
Crossbows      | 1 |  1.2
Throwing       | 1 |  1.2
Armour         | 1 |  1.2
Shields        | 1 |  1.2
Unarmed Combat | 1 |  1.2
Spellcasting   | 1 |  1.2
Evocations     | 1 |  1.2
Conjurations   | 1 |  1.0
Hexes          | 1 |  1.0
Summonings     | 1 |  1.0
Necromancy     | 1 |  1.0
Translocations | 1 |  1.0
Transmutations | 1 |  1.0
Fire Magic     | 1 |  1.0
Ice Magic      | 1 |  1.0
Air Magic      | 1 |  1.0
Earth Magic    | 1 |  1.0
Poison Magic   | 1 |  1.0
Fighting       | |  6.6
Short Blades   | |  4.6
Dodging        | |  4.6

Action                   |  1- 3 |  4- 6 || total
-------------------------+-------+-------++-------
Melee: Short sword       |    52 |    59 ||   111
       Bite              |     5 |     9 ||    14
       Punch             |       |     1 ||     1
  Use: Potion            |     1 |       ||     1
 Stab: Sleeping          |     9 |     5 ||    14
Armor: Leather armour    |     3 |     8 ||    11
Dodge: Dodged            |    40 |    40 ||    80
